 Dungeon Crawl Stone Soup version 0.21-a0-426-g98080a9 (webtiles) character file.

42 July the Poker (level 3, -16/33 HPs)
             Began as a Minotaur Berserker on Nov 6, 2017.
             Was a Follower of Trog.
             Killed from afar by Robin (25 damage)
             ... with an exploding inner flame
             ... hexed by the player character
             ... on level 2 of the Dungeon.
             The game lasted 00:13:32 (1402 turns).

July the Poker (Minotaur Berserker)                 Turns: 1402, Time: 00:13:32

Health: -16/33     AC:  5    Str: 22    XL:     3   Next: 35%
Magic:  2/2        EV: 11    Int:  4    God:    Trog [*.....]
Gold:   7          SH:  0    Dex:  9    Spells: 2/2 levels left

rFire    + . .     SeeInvis .   a - +0 spear
rCold    + . .     Gourm    .   (no shield)
rNeg     . . .     Faith    .   m - +0 ring mail
rPois    +         Spirit   .   (helmet restricted)
rElec    +         Reflect  .   (no cloak)
rCorr    +         Harm     .   (no gloves)
MR       .....                  (no boots)
Stlth    ..........             (no amulet)
HPRegen  0.11/turn              (no ring)
MPRegen  0.08/turn              (no ring)

@: resistant, berserk cooldown, hasted and slowed
A: retaliatory headbutt, horns 2
a: Berserk, Burn Spellbooks, Renounce Religion


You were on level 2 of the Dungeon.
You worshipped Trog.
Trog was aware of your devotion.
You were not hungry.

You visited 1 branch of the dungeon, and saw 2 of its levels.

You collected 7 gold pieces.

Inventory:

Hand Weapons
 a - a +0 spear (weapon)
 f - a +0 dagger
 j - a +0 club
 o - a +0 hunting sling
Missiles
 i - 18 arrows
 k - 10 bolts
Armour
 b - a +0 animal skin
 h - a +0 leather armour
 m - a +0 ring mail (worn)
Scrolls
 g - a scroll of remove curse {unknown}
Comestibles
 c - 7 chunks of flesh
 n - a meat ration


   Skills:
 - Level 3.7 Fighting
 * Level 5.3 Polearms
 - Level 2.6 Armour
 - Level 2.1 Dodging


You had 2 spell levels left.
You didn't know any spells.

Dungeon Overview and Level Annotations

Branches:
Dungeon (1/15)

Altars:


Innate Abilities, Weirdness & Mutations

You reflexively headbutt those who attack you in melee.
You have a pair of horns on your head.


Message History

The creatures around you are filled with an inner flame!
It was a scroll of immolation.
The kobold closely misses you. You furiously retaliate!
You headbutt the kobold.
The kobold explodes!
The fiery explosion engulfs the goblin.
The goblin explodes!
The fiery explosion engulfs the hobgoblin.
The hobgoblin explodes!
The fiery explosion engulfs the bat.
The bat explodes!
The fiery explosion engulfs the goblin.
The goblin explodes!
The fiery explosion engulfs the hobgoblin.
The hobgoblin explodes!
The fiery explosion engulfs Robin.
Robin explodes!
Trog accepts your kill.
You feel a bit more experienced. The fiery explosion engulfs you! You resist.
Ouch! That really hurt!
You die...

. .##... .......## .# ...
....#####.#>....##.#
#..####.................#
#........>...###........#
......§§§§...............
.....§§§§§)..............
.....§§§§g...).....#.#...
...#..#§§g#..#..÷........
. #....#@#....#....#.#...
##################.####
##.###...###.## ##.##.)#
#.#...###.#.#.###.#####.
#.##### ##.###...####..#
##.## #.## ####.##.###
##.## ..# ##..##
###.###################
##......................


You could see 2 goblins.

Vanquished Creatures
  An adder (D:2)
  2 worms (D:2)
  3 bats
  3 giant cockroaches (D:2)
  3 hobgoblins (D:2)
  4 jackals (D:2)
  A ball python (D:1)
  2 frilled lizards
  2 goblins (D:2)
  3 kobolds
  4 rats (D:2)
  A bush (D:1)
  A plant (D:1)
30 creatures vanquished.

Notes
Turn   | Place    | Note
-------+----------+-------------------------------------------
     0 | D:1      | July the Minotaur Berserker began the quest for the Orb.
     0 | D:1      | Reached XP level 1. HP: 19/19 MP: 0/0
  1053 | D:1      | You fall through a shaft!
  1061 | D:2      | Reached skill level 4 in Polearms
  1061 | D:2      | Reached XP level 2. HP: 27/27 MP: 1/1
  1353 | D:2      | Reached skill level 5 in Polearms
  1353 | D:2      | Reached XP level 3. HP: 19/33 MP: 2/2
  1384 | D:2      | Noticed Robin
  1402 | D:2      | Killed Robin
  1402 | D:2      | Killed from afar by Robin

Vault maps used:
D:1:      sevenhm_arrival_forest_fort_large_4, dk_noncrumbling_3
D:2:      wad_river_or_something, regret_index_temple_of_mockery,
          interstate_on_off, serial_park_tiny_1, uniq_robin

Skill      XL: |  1  2 |
---------------+-------+-----
Polearms       | 4 5 |  5.3
Fighting       | |  3.7
Armour         | |  2.6
Dodging        | |  2.1

Action                   || total
-------------------------++-------
Melee: Dagger            ||    82
       Spear             ||    92
       Headbutt          ||    59
Invok: Berserk           ||     2
  Use: Potion            ||     2
       Scroll            ||     1
  Eat: Bread ration      ||     1
       Chunk             ||     1
Armor: Leather armour    ||     3
       Ring mail         ||    17
Dodge: Dodged            ||    43

Table legend:
 A = Spawn XP
 B = Non-spawn XP
 C = Spawn XP percentage of total XP
 D = Spawn monster count
 E = Non-spawn monster count
 F = Spawn count percentage of total count
 G = Total turns spent on level
                    A         B        C        D         E        F      G
               +---------+---------+-------+---------+---------+-------+---------
         Total |       0 |      61 |   0.0 |       0 |      28 |   0.0 |  1402
               +---------+---------+-------+---------+---------+-------+---------
           D:1 |       0 |       6 |   0.0 |       0 |       5 |   0.0 |  1053
           D:2 |       0 |      55 |   0.0 |       0 |      23 |   0.0 |   349
               +---------+---------+-------+---------+---------+-------+---------
